 Dungeon Crawl Stone Soup version 0.23.0-3-gf3c87f2 (webtiles) character file.

Game seed: 11756565808417327420

164 Borgoz the Sneak (level 5, -3/35 HPs)
             Began as an Octopode Assassin on Feb 24, 2019.
             Was an Initiate of Dithmenos.
             Slain by an orc
             ... wielding a +0 trident
              (9 damage)
             ... on level 4 of the Dungeon.
             The game lasted 00:03:50 (2982 turns).

Borgoz the Sneak (Octopode Assassin)                Turns: 2982, Time: 00:03:51

Health: -3/35      AC:  1    Str: 10    XL:     5   Next: 45%
Magic:  5/5        EV: 13    Int: 14    God:    Dithmenos [......]
Gold:   192        SH:  0    Dex: 14    Spells: 4/4 levels left

rFire    . . .     SeeInvis .   a - +2 short sword (speed)
rCold    . . .     Gourm    .   (no shield)
rNeg     . . .     Faith    .   (helmet restricted)
rPois    .         Spirit   .   (no amulet)
rElec    .         Reflect  .   (no ring)
rCorr    .         Harm     .   (no ring)
MR       .....                  (no ring)
Stlth    +++++.....             (no ring)
HPRegen  0.11/turn              (no ring)
MPRegen  0.09/turn              (no ring)
                                (no ring)
                                (no ring)

@: no status effects
A: almost no armour, stealthy swim, amphibious, 8 rings, constrict 8, camouflage
1, gelatinous body 1
a: Renounce Religion


You were on level 4 of the Dungeon.
You worshipped Dithmenos.
Dithmenos was noncommittal.
You were very hungry.

You visited 2 branches of the dungeon, and saw 5 of its levels.

You collected 192 gold pieces.

Inventory:

Hand Weapons
 a - a +2 short sword of speed (weapon)
 b - a +0 blowgun
Missiles
 c - 29 poisoned needles
 d - 2 curare-tipped needles
Armour
 o - a +0 cloak
Scrolls
 e - 2 scrolls of enchant weapon {unknown}
 g - 3 scrolls of immolation {unknown}
 h - 5 scrolls of identify {unknown}
 k - a scroll of teleportation {unknown}
 q - a scroll of fog {unknown}
 s - a scroll of remove curse {unknown}
Potions
 i - 2 potions of haste {unknown}
 j - a potion of heal wounds {unknown}
 l - 3 potions of curing {unknown}
 m - a potion of might {unknown}
 n - a potion of brilliance {unknown}
 p - a potion of flight {unknown}
 r - a potion of resistance {unknown}
Comestibles
 f - 6 rations


   Skills:
 + Level 2.6 Fighting
 + Level 3.1 Short Blades
 + Level 2.3 Throwing
 + Level 1.5 Dodging
 + Level 7.5 Stealth


You had 4 spell levels left.
You didn't know any spells.
Your spell library was empty.

Dungeon Overview and Level Annotations

Branches:
Dungeon (4/15)             Temple (1/1) D:4

Altars:
Cheibriados
Dithmenos
Fedhas
Kikubaaqudgha
Makhleb
Nemelex Xobeh
Okawaru
Qazlal
Trog
Uskayaw
Vehumet
Yredelemnul
Zin
The Shining One


Innate Abilities, Weirdness & Mutations

You cannot wear most types of armour.
You are very stealthy in the water. (Stealth+)
You are amphibious.
You can wear up to eight rings at the same time.
You can use your tentacles to constrict eight enemies at once.
Your skin changes colour to match your surroundings (Stealth+).
Your rubbery body absorbs attacks. (AC +1, EV +1)


Message History

You hit the orc. You grab the orc.
The orc is moderately wounded.
You constrict the orc. The orc closely misses you.
You hit the orc.
You kill the orc!
Dithmenos accepts your kill. The orc hits you but does no damage.
The orc hits you with a +0 trident!
* * * LOW HITPOINT WARNING * * *
You hit the orc but do no damage. You grab the orc. You constrict the orc.
You hit the orc.
The orc is moderately wounded.
You constrict the orc, but do no damage.
The orc hits you with a +0 trident.
* * * LOW HITPOINT WARNING * * *
You hit the orc. You squeeze the orc, but do no damage.
The orc is almost dead.
You constrict the orc, but do no damage.
The orc hits you with a +0 trident!
You die...

### #.. #.# #.#
#############.##
...............#####
................@oo####.#.#
.##......####..###..)......
#.#.####.# #[.##...###.#.
##.......# #.....#........
#.#.####.# #<##......###.#
.##.# #.# #.#...#.#.# ###.#
#.# #.......>... # #.# #.#
###...#.#.### # ..# #.#
##......#


You could see 2 orcs.

Vanquished Creatures
  An orc wizard (D:4)
  A gnoll (D:1)
  4 adders
  2 oozes
  2 dart slugs (D:3)
  A leopard gecko (D:2)
  11 orcs
  A giant cockroach (D:3)
  4 hobgoblins
  11 jackals
  5 kobolds
  A quokka (D:3)
  6 bats
  6 goblins
  7 rats
63 creatures vanquished.

Notes
Turn   | Place    | Note
-------+----------+-------------------------------------------
     0 | D:1      | Borgoz the Octopode Assassin began the quest for the Orb.
     0 | D:1      | Reached XP level 1. HP: 14/14 MP: 1/1
    49 | D:1      | Reached XP level 2. HP: 16/19 MP: 2/2
   110 | D:1      | Reached skill level 6 in Stealth
   441 | D:1      | Reached XP level 3. HP: 24/24 MP: 3/3
   977 | D:2      | Found a faded altar of an unknown god.
  1147 | D:2      | Reached XP level 4. HP: 29/29 MP: 4/4
  1687 | D:3      | Reached skill level 7 in Stealth
  2055 | D:3      | Found an iron altar of Okawaru.
  2077 | D:3      | Reached XP level 5. HP: 35/35 MP: 5/5
  2341 | D:3      | Found a sparkling altar of Nemelex Xobeh.
  2341 | D:3      | Found a snail-covered altar of Cheibriados.
  2646 | D:4      | Found a staircase to the Ecumenical Temple.
  2681 | Temple   | Entered the Ecumenical Temple
  2741 | Temple   | Became a worshipper of Dithmenos the Shadowed
  2982 | D:4      | Slain by an orc

Skill      XL: |  1  2  3  4  5 |
---------------+----------------+-----
Stealth        | 6 7 |  7.5
Short Blades   | 3 |  3.1
Fighting       | |  2.6
Throwing       | |  2.3
Dodging        | |  1.5

Action                   |  1- 3 |  4- 6 || total
-------------------------+-------+-------++-------
Melee: Dagger            |    48 |    29 ||    77
       Constrict         |    12 |    17 ||    29
       Tentacles         |    11 |    10 ||    21
       Short sword       |       |    37 ||    37
 Fire: Blowgun           |       |     4 ||     4
 Stab: Sleeping          |    10 |    10 ||    20
  Eat: Chunk             |     1 |     4 ||     5
Armor: Skin              |     4 |     2 ||     6
Dodge: Dodged            |    13 |    38 ||    51
